 Dungeon Crawl Stone Soup version 0.31.0-32-g396128a36d (webtiles) character file.

Game seed: 1827085823840488026

1668 Zeor the Slasher (level 8, -3/60 HPs)
             Began as a Demonspawn Gladiator on Apr 15, 2024.
             Was a Priest of Kikubaaqudgha.
             Slain by Grinder (9 damage)
             ... on level 6 of the Dungeon on Apr 16, 2024.
             The game lasted 00:21:20 (5481 turns).

Zeor the Slasher (Demonspawn Gladiator)             Turns: 5481, Time: 00:21:20

Health: -3/60      AC:  8    Str: 15    XL:     8   Next: 69%
Magic:  13/13      EV: 13    Int: 10    God:    Kikubaaqudgha [***...]
Gold:   511        SH:  0    Dex: 15    Spells: 6/13 levels left

rFire   . . .        a - +0 long sword (freeze)
rCold   . . .        (no shield)
rNeg    . . .        x - +1 leather armour {Will+}
rPois   +            c - +1 helmet
rElec   .            q - scarf {repulsion}
rCorr   .            F - +1 Delatra's gloves {ID++}
SInv    .            (no boots)
Will    +....        (no amulet)
Stlth   ++           i - ring of wizardry
HPRegen 0.30/turn    t - ring of poison resistance
MPRegen 0.13/turn

%: repel missiles, wizardry (x1)
@: fugue
A: powered by pain 2, spiny 1, demonic touch 1
a: Renounce Religion, Unearth Wretches


You were on level 6 of the Dungeon.
You worshipped Kikubaaqudgha.
Kikubaaqudgha was most pleased with you.
You visited 2 branches of the dungeon, and saw 7 of its levels.
You also visited: Sewer and Ossuary.

You collected 559 gold pieces.
You spent 48 gold pieces at shops.

Inventory:

Hand Weapons
 a - a +0 long sword of freezing (weapon)
 b - a +0 long sword
 h - a +1 dagger of draining
Missiles
 d - 3 throwing nets
 e - a javelin
 r - 4 boomerangs (quivered)
 z - 12 poisoned darts
Armour
 c - a +1 helmet (worn)
 q - a scarf of repulsion (worn)
 x - a +1 leather armour of willpower (worn)
 y - an orb of energy
 B - the +1 robe of Sananlu {Harm Str+7 Int+3}
   (You found it in a sewer)

   Str+7:     It affects your strength (+7).
   Int+3:     It affects your intelligence (+3).
   Harm:      It increases damage dealt and taken.
 D - an orb of light
 F - the +1 Delatra's gloves (worn) {ID++}
   (You found it on level 6 of the Dungeon)

   ID++:      It heals its wearer when they drink unknown potions, and restores
   their MP when they read unknown scrolls.
Magical Staves
 j - a staff of conjuration
Jewellery
 i - a ring of wizardry (left hand)
 k - a ring of fire
 l - a ring of protection from cold
 o - a ring of fire
 t - a ring of poison resistance (right hand)
Wands
 w - a wand of roots (11)
Scrolls
 A - a scroll of fear
 C - a scroll of blinking
 E - a scroll of amnesia {unknown}
Potions
 f - 2 potions of curing
 g - a potion of enlightenment
 m - 2 potions of brilliance
 p - 2 potions of resistance
 s - 2 potions of ambrosia
 u - a potion of magic
 v - a potion of attraction


   Skills:
 + Level 4.2 Fighting
 + Level 7.6 Long Blades
 + Level 2.2 Throwing
 + Level 2.2 Armour
 * Level 3.7 Dodging
 + Level 1.5 Stealth
 * Level 3.4 Spellcasting
 * Level 3.0 Necromancy


You had 6 spell levels left.
You knew the following spells:

 Your Spells              Type           Power      Damage    Failure   Level
f - Fugue of the Fallen   Necr           7%         N/A       12%         3
k - Kiss of Death         Conj/Necr      16%        2d6       8%          1
v - Vampiric Draining     Necr           7%         2d6       12%         3

Your spell library contained the following spells:

 Spells                   Type           Power      Damage    Failure   Level
 Sublimation of Blood     Necr           7%         N/A       6%          2
 Blink                    Tloc           2%         N/A       21%         2
 Lesser Beckoning         Tloc           2%         N/A       21%         2
 Momentum Strike          Conj/Tloc      2%         3d8       21%         2
 Dispel Undead            Necr           7%         3d8       34%         4
 Gell's Gravitas          Tloc           1%         N/A       36%         3
 Teleport Other           Tloc           1%         N/A       36%         3
 Martyr's Knell           Necr/Summ      4%         N/A       54%         4
 Curse of Agony           Necr           7%         N/A       69%         5
 Death Channel            Necr           3%         N/A       99%         6
 Dispersal                Tloc           0%         N/A       100%        6


Dungeon Overview and Level Annotations

Branches:
Dungeon (6/15)             Temple (1/1) D:4           Sewer (visited)
Ossuary (visited)

Altars:
Ashenzari
Cheibriados
Dithmenos
Fedhas
Gozag
Hepliaklqana
Kikubaaqudgha
Makhleb
Nemelex Xobeh
Okawaru
Qazlal
Ru
Sif Muna
Trog
Uskayaw
Vehumet
Wu Jian
Xom
Yredelemnul

Shops:
D:2 !   D:3 *

Annotations:
D:6 Grinder


Innate Abilities, Weirdness & Mutations

You sometimes gain power by taking damage.
You are partially covered in sharp spines.
Your touch may inflict minor irresistible damage on your foes.


Message History

Items here: ( ))) [[ †.
You slash the orc! You freeze the orc.
You kill the orc!
Kikubaaqudgha accepts your kill.
The orc priest mumbles some strange prayers to Beogh against you.
You resist with some effort. Grinder gestures at you.
You resist with some effort.
You closely miss the orc priest.
The orc priest is struck by your spines.
The orc priest closely misses you.
You slash the orc priest! You freeze the orc priest.
You kill the orc priest!
Kikubaaqudgha accepts your kill.
Grinder blinks!
Your Necromancy skill increases to level 3!
Things that are here:
a +0 trident; an orc corpse You slash Grinder!
Grinder is moderately wounded.
Grinder gestures at you. You resist with almost no effort.
You slash Grinder!
Grinder is heavily wounded.
Grinder hits you.
* * * LOW HITPOINT WARNING * * *
You writhe in agony.
* * * LOW HITPOINT WARNING * * *
You hit Grinder. Your touch misses Grinder.
Grinder is heavily wounded.
Grinder is struck by your spines. Grinder hits you.
* * * LOW HITPOINT WARNING * * *
You writhe in agony.
* * * LOW HITPOINT WARNING * * *
You closely miss Grinder.
Grinder is heavily wounded.
Grinder hits you!
You die...
Grinder says, "Hey, I wasn't done torturing you yet!"
Kikubaaqudgha rasps: "You have failed me!
Welcome... death!"

▒∙▒ ▒∙▒▒ ▒∙▒ ▒∙▒▒ ▒ ▒∙▒
▒∙▒▒ ▒∙▒■▒ ▒∙▒ ▒∙▒▒
∙∙∙∙∙▒ ▒∙▒ ▒∙∙∙ ▒∙∙∙∙∙▒
▒∙▒▒▒ ▒▒▒∙
∙∙∙∙∙∙∙▒▒▒▒∙▒∙▒▒ ▒∙
∙∙∙∙∙∙5)▒▒∙∙∙∙∙▒▒▒▒▒▒▒▒∙
∙∙∙∙∙∙∙6)∙∙▒∙∙∙∙∙∙∙∙∙∙∙∙
∙∙∙∙∙∙∙∙▒▒∙∙∙∙∙∙▒▒▒▒▒▒▒∙
∙∙∙∙∙∙∙▒▒▒▒▒▒∙▒∙▒ ▒∙
▒∙∙∙∙∙▒ ▒▒▒∙▒ ▒∙ ▒▒∙∙∙▒
▒∙▒ ▒∙ ▒▒■▒ ▒∙▒ ▒▒ ▒∙▒
▒∙▒ ▒▒▒ ▒∙▒ ▒∙∙


You could see Grinder.

Vanquished Creatures
  An orc warrior (D:6)
  A black bear (D:6)
  A sky beast (D:6)
  A centaur (D:6)
  A kobold brigand (D:6)
  An elf zombie (Ossuary)
  2 bullfrogs (Sewer)
  2 burial acolytes (Ossuary)
  An electric eel (D:6)
  A howler monkey (D:6)
  A human zombie (Ossuary)
  4 hounds
  2 bombardier beetles
  An orc priest (D:6)
  2 jellies
  A gnoll bouda (D:4)
  A sleepcap (D:3)
  2 iguanas
  3 orc wizards
  2 mummies (Ossuary)
  8 gnolls
  8 adders
  A shadow imp (D:6)
  A white imp (D:6)
  11 dart slugs
  7 ribbon worms
  22 orcs
  13 ball pythons
  2 bats
  17 endoplasms
  15 giant cockroaches
  8 goblins
  5 hobgoblins
  12 kobolds
  3 quokkas
  13 frilled lizards
  A kobold zombie (Ossuary)
  2 orc zombies (Ossuary)
  10 rats
190 creatures vanquished.

Notes
Turn   | Place    | Note
-------+----------+-------------------------------------------
     0 | D:1      | Zeor the Demonspawn Gladiator began the quest for the Orb.
     0 | D:1      | Reached XP level 1. HP: 16/16 MP: 1/1
   142 | D:1      | Found a faded altar of an unknown god.
   147 | D:1      | Gained mutation: You sometimes gain a little power by
                  | taking damage. [demonic ancestry]
   147 | D:1      | Reached XP level 2. HP: 22/22 MP: 3/3
   255 | D:1      | Reached skill level 3 in Long Blades
   258 | D:1      | Reached skill level 1 in Spellcasting
   509 | D:1      | Gained mutation: Your touch may inflict minor irresistible
                  | damage on your foes. [demonic ancestry]
   509 | D:1      | Reached XP level 3. HP: 27/27 MP: 4/4
   842 | D:2      | Found Tunaq's Distillery.
   849 | D:2      | Bought a potion of curing for 36 gold pieces
   849 | D:2      | Bought a potion of degeneration for 12 gold pieces
  1107 | D:3      | Found Vyqiwn's Assorted Antiques.
  1151 | D:3      | Gained mutation: You sometimes gain power by taking damage.
                  | [demonic ancestry]
  1151 | D:3      | Reached XP level 4. HP: 24/33 MP: 5/5
  1482 | D:3      | Reached skill level 4 in Long Blades
  1482 | D:3      | Reached XP level 5. HP: 39/39 MP: 6/6
  2431 | D:4      | Found a staircase to the Ecumenical Temple.
  2440 | Temple   | Entered the Ecumenical Temple
  2458 | Temple   | Became a worshipper of Kikubaaqudgha
  2605 | D:4      | Reached skill level 1 in Armour
  2726 | D:4      | Found a sand-covered staircase.
  2755 | Ossuary  | Entered an ossuary
  2755 | Ossuary  | Found a huge runed translucent gate.
  2755 | Ossuary  | Found a huge runed translucent gate.
  2755 | Ossuary  | Found a huge runed translucent gate.
  2755 | Ossuary  | Found a huge runed translucent gate.
  2755 | Ossuary  | Found a huge runed translucent gate.
  2755 | Ossuary  | Found a huge runed translucent gate.
  2755 | Ossuary  | Found a huge runed translucent gate.
  2755 | Ossuary  | Found a huge runed translucent gate.
  2755 | Ossuary  | Found a huge runed translucent gate.
  2756 | Ossuary  | Found a huge runed translucent gate.
  2756 | Ossuary  | Found a huge runed translucent gate.
  2757 | Ossuary  | Found a huge runed translucent gate.
  2757 | Ossuary  | Found a huge runed translucent gate.
  2759 | Ossuary  | Found a huge runed translucent gate.
  2759 | Ossuary  | Found a huge runed translucent gate.
  2761 | Ossuary  | Found a huge runed translucent gate.
  2761 | Ossuary  | Found a huge runed translucent gate.
  2761 | Ossuary  | Found a huge runed translucent gate.
  2761 | Ossuary  | Found a huge runed translucent gate.
  2762 | Ossuary  | Found a huge runed translucent gate.
  2762 | Ossuary  | Found a huge runed translucent gate.
  2763 | Ossuary  | Found a huge runed translucent gate.
  2768 | Ossuary  | Found a huge runed translucent gate.
  2768 | Ossuary  | Found a huge runed translucent gate.
  2769 | Ossuary  | Found a huge runed translucent gate.
  2769 | Ossuary  | Found a huge runed translucent gate.
  2770 | Ossuary  | Found a huge runed translucent gate.
  2770 | Ossuary  | Found a huge runed translucent gate.
  2772 | Ossuary  | Found a huge runed translucent gate.
  2772 | Ossuary  | Found a huge runed translucent gate.
  2800 | Ossuary  | Reached skill level 1 in Stealth
  2800 | Ossuary  | Gained mutation: You are partially covered in sharp spines.
                  | [demonic ancestry]
  2800 | Ossuary  | Reached XP level 6. HP: 31/47 MP: 8/8
  2861 | Ossuary  | Found a huge runed translucent gate.
  2861 | Ossuary  | Found a huge runed translucent gate.
  2861 | Ossuary  | Found a huge runed translucent gate.
  2861 | Ossuary  | Found a huge runed translucent gate.
  2863 | Ossuary  | Found a huge runed translucent gate.
  2882 | Ossuary  | Reached skill level 5 in Long Blades
  2882 | Ossuary  | Reached skill level 1 in Necromancy
  3616 | D:5      | Entered Level 5 of the Dungeon
  3639 | D:5      | Found a shimmering blue altar of Sif Muna.
  3654 | D:5      | Reached XP level 7. HP: 45/52 MP: 10/10
  3679 | D:5      | Reached * piety under Kikubaaqudgha
  3679 | D:5      | Received a gift from Kikubaaqudgha
  3712 | D:5      | Found a snail-covered altar of Cheibriados.
  3926 | D:5      | Found a glowing drain.
  3938 | Sewer    | Entered a sewer
  3961 | Sewer    | Learned a level 1 spell: Kiss of Death
  3965 | Sewer    | Learned a level 3 spell: Fugue of the Fallen
  3970 | Sewer    | Learned a level 3 spell: Vampiric Draining
  4044 | Sewer    | Reached ** piety under Kikubaaqudgha
  4092 | Sewer    | Reached skill level 6 in Long Blades
  4218 | Sewer    | Identified the +1 robe of Sananlu {Harm Str+7 Int+3}
  4832 | D:6      | Reached *** piety under Kikubaaqudgha
  4832 | D:6      | Received a gift from Kikubaaqudgha
  4833 | D:6      | Reached XP level 8. HP: 48/60 MP: 8/11
  4845 | D:6      | Reached skill level 7 in Long Blades
  4960 | D:6      | Found the +1 Delatra's gloves {ID++}
  5125 | D:6      | Found a blossoming altar of Fedhas.
  5214 | D:6      | Found a burning altar of Makhleb.
  5470 | D:6      | Noticed Grinder
  5481 | D:6      | Slain by Grinder

Illustrated notes

Levels and vault maps discovered:
D:1:      roderic_octagonal_star, layout_loops_cross,
          hellmonk_ecumenical_altar_run_dry
D:2:      layout_rooms, serial_shops, shop
D:3:      layout_basic, serial_shops, nicolae_shop_stone,
          kennysheep_nondescript, kennysheep_nub
D:4:      layout_basic, minmay_temple_entry_antechambers,
          nicolae_ossuary_entry_false_entrances
D:5:      layout_rooms, nicolae_sif_muna_condensation,
          mainiacjoe_overflow_surrounded_room, portal_sewer_entry_e,
          nicolae_tricolors
D:6:      layout_loops_corners, nicolae_overflow_squiral, uniq_eustachio,
          uniq_grinder
Temple:   mainiacjoe_temple_bowtie_tessellation

Skill      XL: |  1  2  3  4  5  6  7  8 |
---------------+-------------------------+-----
Long Blades    | 3 4 5 6 7 |  7.6
Spellcasting   | 1 2 3 |  3.4
Fighting       | 3 4 |  4.2
Armour         | 1 2 |  2.2
Stealth        | 1 |  1.5
Necromancy     | 1 2 3 |  3.0
Dodging        | 3 |  3.7
Throwing       | 2 |  2.2

Action                     |  1- 3 |  4- 6 |  7- 9 || total
---------------------------+-------+-------+-------++-------
  Melee: Long sword        |   100 |   146 |   173 ||   419
         Punch             |     1 |     1 |     1 ||     3
         Touch             |     7 |    25 |    28 ||    60
  Throw: Throwing net      |       |     3 |       ||     3
         Boomerang         |       |       |    11 ||    11
   Cast: Fugue of the Fall |       |       |     5 ||     5
    Use: Scroll            |     5 |     8 |     2 ||    15
         Potion            |       |     4 |     1 ||     5
   Stab: Sleeping          |     4 |       |       ||     4
         Held in net/web   |       |     2 |       ||     2
 Armour: Leather armour    |    37 |    78 |    76 ||   191
  Dodge: Dodged            |    58 |    74 |    87 ||   219
         Repelled          |       |     2 |     9 ||    11
